 Dungeon Crawl Stone Soup version 0.28.0-43-g3370ac3207 (webtiles) character file.

Game seed: 12960170364583702808

43 KittyFluff the Cutter (level 3, -2/24 HPs)
             Began as a Kobold Berserker on Mar 20, 2022.
             Was a Follower of Trog.
             Slain by a worm (7 damage)
             ... on level 2 of the Dungeon.
             The game lasted 00:05:21 (1728 turns).

KittyFluff the Cutter (Kobold Berserker)            Turns: 1728, Time: 00:05:21

Health: -2/24      AC:  2    Str: 14    XL:     3   Next: 82%
Magic:  3/3        EV: 15    Int:  8    God:    Trog [*.....]
Gold:   56         SH:  0    Dex: 16    Spells: 2/2 levels left

rFire   . . .      SeeInvis .   a - +0 short sword
rCold   . . .      Faith    .   (no shield)
rNeg    . . .      Spirit   .   b - +0 animal skin
rPois   .          Reflect  .   (no helmet)
rElec   .          Harm     .   (no cloak)
rCorr   .          Rampage  .   (no gloves)
Will    .....                   (no boots)
Stlth   +++.......              (no amulet)
HPRegen 0.08/turn               (no ring)
MPRegen 0.08/turn               (no ring)

@: no status effects
A: small, no large weapons, nightstalker 3
a: Renounce Religion, Berserk


You were on level 2 of the Dungeon.
You worshipped Trog.
Trog was aware of your devotion.
You visited 1 branch of the dungeon, and saw 2 of its levels.

You collected 56 gold pieces.

Inventory:

Hand Weapons
 a - a +0 short sword (weapon)
Missiles
 f - 43 stones (quivered)
 g - 25 bolts
 h - 10 atropa-tipped darts
 k - 14 sling bullets
Armour
 b - a +0 animal skin (worn)
 d - a +0 ring mail
 j - a +0 leather armour
Scrolls
 c - a scroll of teleportation {unknown}
 i - a scroll of noise {unknown}
Potions
 e - a potion of curing {unknown}


   Skills:
 + Level 3.8 Fighting
 + Level 5.2 Short Blades
 + Level 1.6 Armour
 + Level 2.6 Dodging
 + Level 0.5 Stealth


You had 2 spell levels left.
You didn't know any spells.
Your spell library was empty.

Dungeon Overview and Level Annotations

Branches:
Dungeon (2/15)

Altars:


Innate Abilities, Weirdness & Mutations

You are small and have problems with some larger weapons.
You are completely attuned to the shadows.


Message History

The goblin closely misses you.
You hit the goblin.
You kill the goblin!
Trog accepts your kill. The kobold barely misses you.
The worm closely misses you.
Things that are here:
a +0 dagger; a goblin corpse You fail to use your ability.
The kobold barely misses you.
You hit the worm but do no damage. The kobold misses you. The worm misses you.
You hit the worm.
The worm is moderately wounded.
The kobold closely misses you.
You hit the worm.
The worm is moderately wounded.
The kobold hits you with a +0 whip. The worm bites you!
You hit the worm.
The worm is heavily wounded.
The kobold closely misses you.
You hit the worm.
The worm is heavily wounded.
You hit the worm.
The worm is severely wounded.
The worm bites you!
* * * LOW HITPOINT WARNING * * *
You hit the worm. You punch the worm.
The worm is almost dead.
You hit the worm.
The worm is almost dead.
The worm completely misses you.
You hit the worm.
The worm is almost dead.
You hit the worm but do no damage.
The worm is almost dead.
The worm bites you but does no damage.
You barely miss the worm.
The worm is almost dead.
You hit the worm.
The worm is almost dead.
The worm bites you!
You die...

<.....#
#........#
......#
#.รท......#
......#
#........#
+##+###
#........#
..........#
..#.##.+.##
###. #...#
...##..#
...Kw@.#
.$..#..#
..###..# #
..## ###


You could see a worm and a kobold.

Vanquished Creatures
  An adder (D:2)
  A worm (D:2)
  2 dart slugs (D:2)
  2 ball pythons (D:1)
  2 endoplasms (D:1)
  A giant cockroach (D:1)
  4 hobgoblins
  3 jackals (D:1)
  A frilled lizard (D:1)
  3 goblins
  2 kobolds
  3 rats
25 creatures vanquished.

Notes
Turn   | Place    | Note
-------+----------+-------------------------------------------
     0 | D:1      | KittyFluff the Kobold Berserker began the quest for the
                  | Orb.
     0 | D:1      | Reached XP level 1. HP: 14/14 MP: 1/1
    77 | D:1      | Reached XP level 2. HP: 8/19 MP: 2/2
   267 | D:1      | Found a faded altar of an unknown god.
  1136 | D:2      | Reached XP level 3. HP: 24/24 MP: 3/3
  1376 | D:2      | Reached skill level 5 in Short Blades
  1390 | D:2      | HP: 1/24 [adder (3)]
  1728 | D:2      | Slain by a worm

Illustrated notes

Levels and vault maps discovered:
D:1:      dpeg_arrival_rhombi, layout_loops_ring,
          hellmonk_ecumenical_altar_arch_garden
D:2:      kennysheep_six_static_rooms, layout_basic, minmay_pentomino_z4

Skill      XL: |  1  2  3 |
---------------+----------+-----
Short Blades   | 5 |  5.2
Fighting       | |  3.8
Armour         | |  1.6
Dodging        | |  2.6
Stealth        | |  0.5

Action                   || total
-------------------------++-------
Melee: Short sword       ||   104
       Punch             ||     1
  Use: Potion            ||     1
 Stab: Sleeping          ||     4
Armor: Animal skin       ||    13
Dodge: Dodged            ||    54
